[Event "Titled Tuesday Blitz August 09 Early 2022"]
[White "Aradhya, Garg"]
[Black "Belov, Vladimir"]
[WhiteFideId "25006746"]
[BlackFideId "4132394"]
[WhiteElo "2203"]
[BlackElo "2501"]
[Result "1-0"]
[Round "09"]
[TimeControl "180+1"]
[Date "2022.08.09"]
[WhiteClock "0:01:01"]
[BlackClock "0:00:13"]

1. d4 Nf6 2. Nf3 g6 3. g3 Bg7 4. Bg2 d5 5. O-O c6 6. c4 dxc4 7. Ne5 Ng4 8. Nf3 O-O 9. Na3 b5 10. b3 c3 11. Nc2 a5 12. a3 c5 13. dxc5 Qxd1 14. Rxd1 Bf5 15. Nfd4 Bxc2 16. Nxc2 Ra7 17. Bf4 Rc8 18. Rac1 e5 19. Be3 Rac7 20. b4 Nc6 21. Bxc6 Rxc6 22. h3 Nxe3 23. Nxe3 e4 24. Nd5 Kf8 25. Nxc3 f5 26. Nxb5 axb4 27. axb4 Ke7 28. e3 Ra6 29. Nd6 Rb8 30. b5 Ra2 31. c6 Be5 32. c7 Bxd6 33. cxb8=Q Bxb8 34. Rc6 g5 35. b6 Rb2 36. Rh6 f4 37. gxf4 gxf4 38. Rxh7+ Kf6 39. b7 fxe3 40. fxe3 Ba7 41. Re1 Kg6 42. Re7 Kf5 43. Rf1+ Kg6 44. Re6+ Kg5 45. Re5+ Kh4 46. Rxe4+ Kxh3 47. Rf3# 1-0


[Site "https://www.chess.com"]

[Event "Titled Tuesday Blitz August 09 Early 2022"]
[White "Atakhan, Abtin"]
[Black "Abdrlauf, Elham"]
[WhiteFideId "22502203"]
[BlackFideId "1533533"]
[WhiteElo "2087"]
[BlackElo "2430"]
[Result "0-1"]
[Round "09"]
[TimeControl "180+1"]
[Date "2022.08.09"]
[WhiteClock "0:00:02"]
[BlackClock "0:00:57"]

1. d4 Nf6 2. c4 e6 3. Nf3 c5 4. d5 exd5 5. cxd5 d6 6. Nc3 g6 7. e4 Bg7 8. Be2 Bg4 9. Nd2 Bxe2 10. Qxe2 O-O 11. O-O Re8 12. f3 Nbd7 13. Nc4 Ne5 14. Bf4 Nxc4 15. Qxc4 a6 16. a4 Rc8 17. a5 Nh5 18. Be3 f5 19. Rae1 f4 20. Bf2 Qxa5 21. g4 fxg3 22. hxg3 b5 23. Qd3 Qb4 24. Re2 Qb3 25. f4 b4 26. Qd1 Qxd1 27. Nxd1 Nf6 28. Rfe1 Ng4 29. b3 a5 30. e5 dxe5 31. d6 Re6 32. d7 Rd8 33. Bxc5 Rxd7 34. Ne3 Nxe3 35. Bxe3 exf4 36. Bxf4 Rxe2 37. Rxe2 Kf7 38. Rc2 h6 39. Kg2 g5 40. Be3 Rd3 41. Bb6 Rxb3 42. Bxa5 Be5 43. Rc4 Rxg3+ 44. Kf2 b3 45. Bc7 Rc3 46. Rxc3 Bxc3 0-1


[Site "https://www.chess.com"]

[Event "Titled Tuesday Blitz August 09 Early 2022"]
[White "Barbashin, Igor"]
[Black "Stelmaszyk, Nico"]
[WhiteFideId "4155718"]
[BlackFideId "16200462"]
[WhiteElo "2138"]
[BlackElo "2119"]
[Result "0-1"]
[Round "09"]
[TimeControl "180+1"]
[Date "2022.08.09"]
[WhiteClock "0:00:01"]
[BlackClock "0:00:50"]

1. d4 d5 2. c4 e5 3. Nc3 dxc4 4. d5 Nf6 5. e4 b5 6. Nxb5 Nxe4 7. Bxc4 Bb4+ 8. Kf1 O-O 9. a3 Bc5 10. Be3 Bxe3 11. fxe3 a6 12. Nc3 Nd6 13. Be2 e4 14. Nh3 Bxh3 15. gxh3 Qf6+ 16. Kg2 Nf5 17. Qd2 Nh4+ 18. Kg3 Nf5+ 19. Kg2 Qg5+ 20. Kf2 Qh4+ 21. Kg2 Nd7 22. Bg4 Qg5 23. Nxe4 Nxe3+ 24. Kf3 Ne5+ 25. Ke2 Qe7 26. Qxe3 f5 27. Nc3 fxg4 28. Rhf1 Rxf1 29. Rxf1 Re8 30. Kd1 gxh3 31. Qxh3 Nc4 0-1


[Site "https://www.chess.com"]

[Event "Titled Tuesday Blitz August 09 Early 2022"]
[White "Bharath Subramaniyam H"]
[Black "Vasquez Schroeder, Rodrigo"]
[WhiteFideId "46634827"]
[BlackFideId "3400042"]
[WhiteElo "2346"]
[BlackElo "2567"]
[Result "0-1"]
[Round "09"]
[TimeControl "180+1"]
[Date "2022.08.09"]
[WhiteClock "0:00:08"]
[BlackClock "0:01:27"]

1. e4 c5 2. Nf3 d6 3. Bb5+ Bd7 4. Bxd7+ Qxd7 5. c4 Nc6 6. O-O Nf6 7. Nc3 e6 8. d4 cxd4 9. Nxd4 Be7 10. b3 O-O 11. Bb2 Rfd8 12. Re1 Rac8 13. Qd2 b6 14. Rad1 Qb7 15. Ba3 Nb8 16. Ndb5 Ne8 17. Qe3 a6 18. Nd4 Nf6 19. h3 Nbd7 20. f4 Bf8 21. g4 Nc5 22. Nf3 b5 23. cxb5 axb5 24. Bb4 Na6 25. Ba5 Rd7 26. Nd4 b4 27. Na4 d5 28. e5 Ne4 29. Rc1 Bc5 30. Nxc5 Rxc5 31. Rxc5 Naxc5 32. Rc1 h6 33. Nf3 Qb5 34. f5 Qxa5 35. f6 Qxa2 36. Rxc5 Nxc5 37. Qxc5 Qa7 0-1


[Site "https://www.chess.com"]

[Event "Titled Tuesday Blitz August 09 Early 2022"]
[White "Blanco Ronquillo, Humberto L."]
[Black "Zou, Chen"]
[WhiteFideId "3504239"]
[BlackFideId "8610959"]
[WhiteElo "2425"]
[BlackElo "2276"]
[Result "1-0"]
[Round "09"]
[TimeControl "180+1"]
[Date "2022.08.09"]
[WhiteClock "0:00:05"]
[BlackClock "0:00:02"]

1. d4 Nf6 2. c4 e6 3. Nf3 d5 4. Nc3 Be7 5. Bf4 O-O 6. e3 c5 7. dxc5 Bxc5 8. cxd5 Nxd5 9. Nxd5 exd5 10. Bd3 Bb4+ 11. Nd2 d4 12. e4 Nc6 13. O-O Bd6 14. Bg3 Bxg3 15. hxg3 Ne5 16. Nb3 Be6 17. Rc1 b6 18. Bb1 Ng4 19. Qxd4 Qg5 20. f3 Rfd8 21. Qc3 Rac8 22. Qe1 Bxb3 23. axb3 Ne3 24. f4 Rxc1 25. fxg5 Rxe1 26. Rxe1 Ng4 27. Rc1 Ne5 28. Bc2 h6 29. gxh6 gxh6 30. Bd1 Rd2 31. Bh5 Rxb2 32. Rc7 Rxb3 33. Rxa7 Rb5 34. Rb7 Kg7 35. Bf3 Kf6 36. g4 Rb1+ 37. Kh2 b5 38. Kg3 Kg5 39. Rb6 f6 40. Rb8 Kg6 41. Rg8+ Kf7 42. Rh8 Kg7 43. Rb8 b4 44. Kf4 b3 45. Kf5 b2 46. Rb7+ Nf7 47. e5 fxe5 48. Ke6 Kg8 49. Bd5 Ng5+ 50. Kf6+ Kh8 51. Kg6 1-0


[Site "https://www.chess.com"]

[Event "Titled Tuesday Blitz August 09 Early 2022"]
[White "Bortnyk, Olexandr"]
[Black "Drozdowski, Kacper"]
[WhiteFideId "14120828"]
[BlackFideId "1136720"]
[WhiteElo "2723"]
[BlackElo "2485"]
[Result "1-0"]
[Round "09"]
[TimeControl "180+1"]
[Date "2022.08.09"]
[WhiteClock "0:00:08"]
[BlackClock "0:00:17"]

1. d4 Nf6 2. Nc3 d5 3. Bf4 c6 4. e3 Bf5 5. Nf3 Nbd7 6. Ne5 Nxe5 7. Bxe5 e6 8. Bd3 Bxd3 9. cxd3 Be7 10. O-O O-O 11. a3 c5 12. Qb3 cxd4 13. Bxd4 Qd7 14. Rac1 Rfc8 15. h3 h6 16. a4 Rc6 17. a5 Ne8 18. Ne2 Nd6 19. Rxc6 Qxc6 20. Rc1 Qd7 21. Rc2 Nb5 22. Be5 a6 23. Nc3 Nxc3 24. Qxc3 Bf8 25. Qc7 Qb5 26. d4 Qb3 27. Kh2 Qb5 28. Qb6 Qxb6 29. axb6 f6 30. Bg3 Re8 31. Rc7 Re7 32. Rc8 Rd7 33. Bc7 Kf7 34. Rb8 Bd6+ 35. Kh1 e5 36. Rxb7 Ke6 37. Ra7 exd4 38. exd4 Kf5 39. Rxa6 Bxc7 40. Ra7 Bxb6 41. Rxd7 Ke4 42. Rxg7 Bxd4 43. f3+ Ke3 44. Rd7 Bxb2 45. Rxd5 Be5 46. Rd8 Kf4 47. Rg8 h5 48. h4 Kf5 49. g3 Ke6 50. f4 Kf7 51. Rh8 Bd4 52. Rxh5 Kg6 53. Rd5 Bc3 54. Kg2 f5 55. Kf3 Bb2 56. h5+ Kf6 57. Rd6+ Kg7 58. Rg6+ Kf7 59. g4 fxg4+ 60. Kxg4 Bh8 61. Kf5 Bd4 62. h6 1-0


[Site "https://www.chess.com"]

[Event "Titled Tuesday Blitz August 09 Early 2022"]
[White "Bristy, Mukherjee"]
[Black "Delorme, Axel"]
[WhiteFideId "25077325"]
[BlackFideId "632023"]
[WhiteElo "1661"]
[BlackElo "2474"]
[Result "1-0"]
[Round "09"]
[TimeControl "180+1"]
[Date "2022.08.09"]
[WhiteClock "0:00:40"]
[BlackClock "0:00:08"]

1. d4 Nf6 2. c3 d5 3. Bg5 e6 4. Nd2 Be7 5. e3 O-O 6. Bd3 c5 7. f4 Nc6 8. Ngf3 Bd7 9. O-O c4 10. Bc2 b5 11. Ne5 a5 12. Qf3 b4 13. Qh3 g6 14. Ndf3 a4 15. Bh6 Re8 16. Ng5 Nxe5 17. fxe5 b3 18. exf6 Bxf6 19. Nxh7 Bh8 20. Bxg6 fxg6 21. Bg5 e5 22. Qh6 Bg7 23. Qxg6 Re6 24. Qf7+ Kxh7 25. Bxd8 Rxd8 26. axb3 cxb3 27. Rf3 Rg6 28. Qe7 Re6 29. Qxd8 1-0


[Site "https://www.chess.com"]

[Event "Titled Tuesday Blitz August 09 Early 2022"]
[White "Chernomordik, Pavel"]
[Black "Grot, Blazej"]
[WhiteFideId "2804530"]
[BlackFideId "21835845"]
[WhiteElo "2217"]
[BlackElo "1614"]
[Result "1-0"]
[Round "09"]
[TimeControl "180+1"]
[Date "2022.08.09"]
[WhiteClock "0:02:08"]
[BlackClock "0:02:06"]

1. e4 c5 2. Nc3 e6 3. f4 Ne7 4. Nf3 Nbc6 5. g3 d5 6. d3 dxe4 7. Nxe4 Nf5 8. Bg2 Be7 9. O-O h6 10. g4 Nfd4 11. c3 Nxf3+ 12. Qxf3 O-O 13. Be3 b6 14. Rad1 Bb7 15. f5 exf5 16. gxf5 Bf6 17. Qg3 Qe7 18. Bxh6 Kh7 19. Bf4 Rae8 20. Bd6 Qd7 21. Bxf8 Rxf8 22. Nxf6+ gxf6 23. Rf4 1-0


[Site "https://www.chess.com"]

[Event "Titled Tuesday Blitz August 09 Early 2022"]
[White "Chigaev, Maksim"]
[Black "Drygalov, Sergey"]
[WhiteFideId "4108116"]
[BlackFideId "24171743"]
[WhiteElo "2487"]
[BlackElo "2523"]
[Result "0-1"]
[Round "09"]
[TimeControl "180+1"]
[Date "2022.08.09"]
[WhiteClock "0:00:07"]
[BlackClock "0:00:05"]

1. e4 e5 2. Nf3 Nc6 3. g3 Nf6 4. d3 Bc5 5. Bg2 d6 6. O-O h5 7. h4 Bg4 8. c3 Qe7 9. b4 Bb6 10. a4 a5 11. b5 Nd8 12. Nbd2 Ne6 13. Nc4 Bc5 14. Ne3 O-O 15. Nf5 Qd7 16. Qc2 Rfe8 17. Ne3 c6 18. bxc6 bxc6 19. Nh2 d5 20. Nexg4 hxg4 21. exd5 cxd5 22. Bg5 Nh5 23. Kh1 f5 24. d4 exd4 25. Qxf5 dxc3 26. Bxd5 Ra6 27. Rad1 Qf7 28. Qxg4 Rd6 29. Bb3 Qb7+ 30. Nf3 Qxb3 31. Rxd6 Bxd6 32. Qxh5 Rf8 33. Be3 Qb7 34. Kg2 Qe4 35. Rd1 Ba3 36. Qd5 Qxd5 37. Rxd5 c2 38. Rxa5 c1=Q 39. Bxc1 Bxc1 40. Re5 Kf7 41. a5 Ra8 42. Rf5+ Ke7 43. Rb5 Ba3 44. Nd2 Bd6 45. Nc4 Bc7 46. h5 Nd4 47. Rd5 Ne6 48. Rf5 Rb8 49. f4 Rb4 50. Ne3 Rb2+ 51. Kh3 Rb3 52. Nd5+ Kd6 53. Nxc7 Kxc7 54. Kg4 Kd6 55. Rf7 Ra3 56. Ra7 Kd5 57. a6 Ke4 58. Re7 Kd5 59. a7 Kd6 60. Rf7 Kd5 61. Kh4 Ke4 62. Re7 Kf5 63. g4+ Kf6 64. Re8 Rxa7 65. f5 Nf4 66. Kg3 Nd5 67. Re6+ Kf7 68. g5 Ra3+ 69. Kf2 Nf4 70. g6+ Kf8 71. Rc6 Nxh5 72. Rc8+ Ke7 73. Rc7+ Kf6 74. Rf7+ Kg5 75. Ke2 Ra5 76. Kd2 Rxf5 77. Kd3 Kxg6 0-1


[Site "https://www.chess.com"]

[Event "Titled Tuesday Blitz August 09 Early 2022"]
[White "Costachi, Mihnea"]
[Black "Levitskiy, Andrey"]
[WhiteFideId "1217518"]
[BlackFideId "14132885"]
[WhiteElo "2437"]
[BlackElo "2293"]
[Result "0-1"]
[Round "09"]
[TimeControl "180+1"]
[Date "2022.08.09"]
[WhiteClock "0:01:16"]
[BlackClock "0:00:09"]

1. e4 e6 2. Qe2 c5 3. b3 Nc6 4. Nf3 d6 5. Bb2 Nf6 6. g3 e5 7. Bg2 g6 8. c3 Bg7 9. O-O O-O 10. h3 Re8 11. d3 h6 12. Nbd2 Be6 13. Rfd1 Qd7 14. Kh2 Rad8 15. a3 a5 16. c4 Nh7 17. Rf1 Rf8 18. Nh4 Bf6 19. Nhf3 Rde8 20. Nb1 Bg7 21. Nc3 f5 22. Nd5 f4 23. Nh4 Qf7 24. g4 Kh8 25. Bf3 Ng5 26. Ng2 Kh7 27. h4 Nxf3+ 28. Qxf3 Bxd5 29. cxd5 Ne7 30. h5 gxh5 31. gxh5 Bf6 32. Ne1 Rg8 33. Qh3 Rg5 34. Rh1 Rxh5 35. Kg2 Rg8+ 36. Kf1 Rxh3 37. Rxh3 Qg6 38. Rh1 Qg4 39. Bc3 f3 40. Bd2 Bg5 41. Bxg5 Rxg5 42. Rc1 Ng6 43. d4 exd4 44. Rd1 Nf4 45. b4 axb4 46. axb4 cxb4 47. Rxd4 Ng2 48. Rxb4 Nxe1 49. Kxe1 Qg2 50. Rf1 Re5 51. Rxb7+ Kg6 52. Rb4 Qg4 53. Kd2 Rxe4 54. Rxe4 Qxe4 55. Rg1+ Kf5 56. Rh1 Qe2+ 57. Kc3 Qxf2 58. Rh5+ Kg6 59. Rh1 Qg2 60. Rg1 Qxg1 0-1


[Site "https://www.chess.com"]

[Event "Titled Tuesday Blitz August 09 Early 2022"]
[White "Csonka, Balazs"]
[Black "Yurovskykh, Oleksandr"]
[WhiteFideId "742910"]
[BlackFideId "14134020"]
[WhiteElo "2404"]
[BlackElo "2292"]
[Result "1-0"]
[Round "09"]
[TimeControl "180+1"]
[Date "2022.08.09"]
[WhiteClock "0:00:06"]
[BlackClock "0:00:18"]

1. d4 d5 2. c4 dxc4 3. e3 Nf6 4. Bxc4 c5 5. Nf3 e6 6. O-O Nc6 7. Qe2 cxd4 8. Rd1 Be7 9. exd4 O-O 10. Nc3 Na5 11. Bd3 b6 12. Bg5 Bb7 13. Ne5 Rc8 14. Rac1 Nd5 15. Qh5 f5 16. Bxe7 Qxe7 17. Nxd5 Bxd5 18. a3 g6 19. Qh6 Nc6 20. Nxc6 Rxc6 21. Rxc6 Bxc6 22. Bc4 Rd8 23. h4 Bd5 24. Bxd5 Rxd5 25. h5 Qf8 26. Qe3 Qd6 27. hxg6 hxg6 28. Qh6 Kf7 29. Qh7+ Kf6 30. Qh8+ Kf7 31. Rc1 Rxd4 32. Rc7+ Qxc7 33. Qh7+ Kf6 34. Qxc7 Rd5 35. Qxa7 b5 36. Qe3 g5 37. g3 g4 38. Qc3+ Kf7 39. b3 Ke7 40. a4 bxa4 41. bxa4 Kd7 42. a5 Rd6 43. Qc4 Rc6 44. Qb5 Kc7 45. a6 Rc1+ 46. Kg2 Ra1 47. Qb7+ Kd6 48. a7 Ke5 49. Qb8+ Kf6 50. Qh8+ 1-0


[Site "https://www.chess.com"]

[Event "Titled Tuesday Blitz August 09 Early 2022"]
[White "D`Arruda, Ricardo D."]
[Black "Ouellet, Maili-Jade"]
[WhiteFideId "100692"]
[BlackFideId "2620472"]
[WhiteElo "2464"]
[BlackElo "1899"]
[Result "1-0"]
[Round "09"]
[TimeControl "180+1"]
[Date "2022.08.09"]
[WhiteClock "0:00:19"]
[BlackClock "0:00:02"]

1. Nf3 d5 2. g3 Nf6 3. Bg2 e6 4. O-O Be7 5. c4 O-O 6. d4 dxc4 7. Ne5 Nc6 8. Nxc6 bxc6 9. Bxc6 Rb8 10. Nc3 Bb7 11. Qa4 Qxd4 12. Be3 Bxc6 13. Qxc6 Qd6 14. Qxc4 Rxb2 15. Bxa7 Rc2 16. Rac1 Rxc1 17. Rxc1 Ra8 18. Bd4 c6 19. Bxf6 gxf6 20. Ne4 Qd5 21. Qxc6 Qxc6 22. Rxc6 Rxa2 23. Rc7 Rxe2 24. f3 f5 25. Nf2 Bf6 26. Kf1 Ra2 27. Rc4 Kg7 28. h4 Be5 29. f4 Bb8 30. Nh3 Ba7 31. Rc7 h6 32. Rb7 Bd4 33. Rd7 Bf6 34. Nf2 Bd4 35. Rxd4 Ra3 36. Kg2 Kf6 37. Rd3 Ra4 38. Kf3 Ra2 39. Nd1 Ra4 40. Ne3 Ra2 41. Nc4 Rc2 42. Ne5 Ra2 43. Rd7 Ra3+ 44. Kg2 Ra2+ 45. Kh3 Ra3 46. Rxf7# 1-0


[Site "https://www.chess.com"]

[Event "Titled Tuesday Blitz August 09 Early 2022"]
[White "Danielyan, Vahe"]
[Black "Yaksin, Oleg"]
[WhiteFideId "13304828"]
[BlackFideId "24105880"]
[WhiteElo "2421"]
[BlackElo "2256"]
[Result "0-1"]
[Round "09"]
[TimeControl "180+1"]
[Date "2022.08.09"]
[WhiteClock "0:01:21"]
[BlackClock "0:00:11"]

1. c4 e5 2. Nc3 Bb4 3. Qb3 Nc6 4. a3 Bxc3 5. Qxc3 Nf6 6. d3 O-O 7. Nf3 d6 8. b4 Bg4 9. Bb2 Bxf3 10. gxf3 Nd4 11. Rg1 Nh5 12. O-O-O Qh4 13. Rg3 Nxg3 14. hxg3 Qe7 15. Bg2 c6 16. e3 Ne6 17. f4 f6 18. Bh3 Rfe8 19. Rg1 a5 20. Kb1 axb4 21. axb4 Nc7 22. Qb3 Qf7 23. Bg2 Ra7 24. g4 exf4 25. exf4 Re2 26. g5 fxg5 27. Be4 Qxf4 28. Qc3 Ne6 29. Rh1 h6 30. b5 Qxf2 31. bxc6 bxc6 32. Bxc6 Rxb2+ 33. Qxb2 Qxb2+ 34. Kxb2 Kf7 35. Bd5 Kf6 36. Kc3 Nf4 37. Bf3 Ra3+ 38. Kd4 Rxd3+ 39. Ke4 Rc3 40. Rd1 Rxc4+ 41. Ke3 d5 42. Rb1 Rc3+ 43. Kf2 h5 44. Rb6+ Kf5 45. Rb7 g4 46. Bd1 g5 47. Rh7 g3+ 48. Ke1 h4 49. Ba4 g2 50. Bd7+ Ke5 51. Kf2 Rc2+ 52. Kg1 Rc1+ 0-1


[Site "https://www.chess.com"]

[Event "Titled Tuesday Blitz August 09 Early 2022"]
[White "Demchenko, Anton"]
[Black "Donchenko, Alexander"]
[WhiteFideId "4160258"]
[BlackFideId "24603295"]
[WhiteElo "2539"]
[BlackElo "2572"]
[Result "0-1"]
[Round "09"]
[TimeControl "180+1"]
[Date "2022.08.09"]
[WhiteClock "0:00:13"]
[BlackClock "0:02:18"]

1. e4 c5 2. Nf3 e6 3. g3 Nc6 4. Bg2 g6 5. c3 Bg7 6. d4 cxd4 7. cxd4 d5 8. e5 Nge7 9. O-O b6 10. Nc3 Ba6 11. Re1 Qd7 12. a3 Na5 13. h4 h6 14. Nh2 Bc4 15. b4 Nb3 16. Rb1 Nxc1 17. Rxc1 a5 18. Ng4 axb4 19. axb4 O-O 20. Ne4 dxe4 21. Rxc4 Qb5 22. Rc2 Qxb4 23. Bxe4 Rac8 24. Re3 Rxc2 25. Bxc2 Rd8 26. Rd3 h5 27. Ne3 Nc6 28. d5 Nxe5 29. Rd2 Qxd2 0-1


[Site "https://www.chess.com"]

[Event "Titled Tuesday Blitz August 09 Early 2022"]
[White "Dubov, Daniil"]
[Black "Nakamura, Hikaru"]
[WhiteFideId "24126055"]
[BlackFideId "2016192"]
[WhiteElo "2791"]
[BlackElo "2850"]
[Result "0-1"]
[Round "09"]
[TimeControl "180+1"]
[Date "2022.08.09"]
[WhiteClock "0:00:01"]
[BlackClock "0:00:10"]

1. c4 Nf6 2. Nc3 e5 3. Nf3 Nc6 4. g3 Nd4 5. Bg2 Nxf3+ 6. Bxf3 Bb4 7. Qb3 a5 8. O-O Bc5 9. d3 O-O 10. Bg5 h6 11. Bxf6 Qxf6 12. Ne4 Qe7 13. Nxc5 Qxc5 14. Qc3 c6 15. Rab1 d6 16. b3 Bf5 17. Rfc1 Rfe8 18. Qb2 e4 19. dxe4 Bxe4 20. Bxe4 Rxe4 21. e3 h5 22. Qe2 Rae8 23. Rd1 h4 24. Rd2 R8e6 25. Rbd1 a4 26. Qf3 R4e5 27. Rd4 hxg3 28. hxg3 Rh6 29. Re4 Rxe4 30. Qxe4 Qh5 31. Rd2 a3 32. Kf1 Re6 33. Qf4 Qh1+ 34. Ke2 Rf6 35. Qg4 Qg2 36. Kd3 Rxf2 37. Rxf2 Qxf2 38. Qc8+ Kh7 39. Qh3+ Kg6 40. Qg4+ Kf6 41. Qh4+ Ke6 42. Qd8 Qxa2 43. Qe8+ Kf6 44. Qd8+ Kg6 45. Qxd6+ Kh7 46. Qf4 Qxb3+ 47. Kd4 Qb2+ 48. Kc5 Qf6 49. Qe4+ g6 0-1


[Site "https://www.chess.com"]

[Event "Titled Tuesday Blitz August 09 Early 2022"]
[White "Dushyant Sharma"]
[Black "Averjanov, Alexey"]
[WhiteFideId "25065130"]
[BlackFideId "14109867"]
[WhiteElo "2133"]
[BlackElo "2641"]
[Result "1-0"]
[Round "09"]
[TimeControl "180+1"]
[Date "2022.08.09"]
[WhiteClock "0:00:11"]
[BlackClock "0:01:07"]

1. e4 c6 2. d4 d5 3. exd5 cxd5 4. Bd3 Nc6 5. c3 Qc7 6. Nf3 Bg4 7. O-O Nf6 8. Be3 e6 9. Nbd2 Bd6 10. Qc2 Bh5 11. Rae1 Bg6 12. Qb1 O-O 13. Bg5 Nd7 14. Re2 Rab8 15. Rfe1 b5 16. h3 b4 17. Bxg6 hxg6 18. Qd3 bxc3 19. bxc3 Rfc8 20. Nf1 Na5 21. Bd2 Nc4 22. Bc1 Nf6 23. Ng5 Bf4 24. Ng3 Bxc1 25. Rxc1 Rb2 26. Rce1 Rxe2 27. Rxe2 Nd6 28. Qa6 Qxc3 29. Nxe6 Rc6 30. Qa4 fxe6 31. Rxe6 Kh7 32. Qxa7 Qc1+ 33. Kh2 Qh6 34. Rxf6 Qg5 35. Rf3 Rc1 36. Qd7 Nc4 37. Qg4 Qe7 38. Rf4 g5 39. Qh5+ Kg8 40. Rg4 Qe1 41. h4 Qg1+ 42. Kh3 Qxf2 43. Qe8+ Kh7 44. Qh5+ Kg8 45. Qxg5 Qf8 46. Qxd5+ Qf7 47. Qxf7+ Kxf7 48. Ne4 Ne3 49. Ng5+ Ke7 50. Re4+ Kd6 51. Rxe3 Rc2 52. Rd3 Kd5 53. Nf3 Ke4 54. Ra3 g6 55. Ra5 Rc1 56. Re5+ Kf4 57. Kh2 Rc2 58. Re8 Rxa2 59. Rf8+ Kg4 60. Rg8 Kh5 61. Kh3 Kh6 62. Rh8+ Kg7 63. Rd8 Rd2 64. Rd5 Re2 65. Re5 Rb2 66. Ng5 Rb1 67. g3 Rf1 68. Kg4 Kg8 69. Re7 Re1 70. Rxe1 1-0


[Site "https://www.chess.com"]

[Event "Titled Tuesday Blitz August 09 Early 2022"]
[White "Ekdyshman, Mikhail"]
[Black "Nazari, Arad"]
[WhiteFideId "4149416"]
[BlackFideId "12577324"]
[WhiteElo "2146"]
[BlackElo "2129"]
[Result "0-1"]
[Round "09"]
[TimeControl "180+1"]
[Date "2022.08.09"]
[WhiteClock "0:00:06"]
[BlackClock "0:00:08"]

1. e4 c5 2. c3 d5 3. exd5 Qxd5 4. d4 g6 5. Nf3 Bg7 6. dxc5 Qxc5 7. Be3 Qc7 8. Be2 Nh6 9. Nd4 a6 10. O-O Nf5 11. Nxf5 Bxf5 12. Na3 O-O 13. Nc4 Nd7 14. a4 Rfd8 15. Qb3 Rac8 16. Nb6 Rb8 17. Nd5 Qd6 18. Rad1 Qe6 19. Bc4 Ne5 20. Nb6 Nxc4 21. Rxd8+ Rxd8 22. Qxc4 Qxc4 23. Nxc4 Rc8 24. Nb6 Rd8 25. f3 e6 26. Kf2 Bc2 27. Rc1 Bb3 28. a5 Be5 29. g3 Bc7 30. Re1 f6 31. Re2 Kf7 32. f4 e5 33. fxe5 Bxe5 34. Rd2 Rxd2+ 35. Bxd2 Ke6 36. Be3 g5 37. Ke2 h5 38. Kf2 h4 39. gxh4 gxh4 40. Kg2 Kf5 41. Kh3 Bd1 42. Kxh4 Bxh2 43. Kh3 Be5 44. Kg2 Ke4 45. Kf2 f5 46. Nc4 Bc7 47. Bb6 Bxb6+ 48. axb6 Kd5 49. Na5 Kc5 50. Nxb7+ Kxb6 51. Nd6 Bc2 52. Ke3 Kc5 53. Nf7 Kc4 54. Kf4 Kb3 55. Nd6 Kxb2 56. c4 a5 57. c5 Ba4 58. Kxf5 Kc3 59. Ke5 Bc6 60. Ne4+ Kc4 61. Nd2+ Kc3 62. Ne4+ Kd3 63. Nd6 a4 64. Nf5 a3 65. Nd4 Kc3 66. Nxc6 a2 67. Nd4 a1=Q 68. c6 Qe1+ 69. Kd5 Qe8 70. Ne6 Kb4 71. c7 Kb5 72. Nd4+ Kb6 73. Ne6 Qd7+ 74. Ke5 Kc6 75. Kf6 Kd6 76. Nd4 Kxc7 77. Ne6+ Kd6 78. Nf4 Qe7+ 79. Kf5 Qe5+ 80. Kg4 Qe4 81. Kg3 Ke5 82. Nh5 Kf5 83. Kh3 Kg5 84. Ng3 Qc2 85. Ne4+ Qxe4 0-1


[Site "https://www.chess.com"]

[Event "Titled Tuesday Blitz August 09 Early 2022"]
[White "Estrada Nieto, Julian"]
[Black "Gubanov, Oleg"]
[WhiteFideId "5101018"]
[BlackFideId "14115115"]
[WhiteElo "2252"]
[BlackElo "2080"]
[Result "0-1"]
[Round "09"]
[TimeControl "180+1"]
[Date "2022.08.09"]
[WhiteClock "0:00:01"]
[BlackClock "0:00:04"]

1. e4 Nf6 2. e5 Nd5 3. d4 d6 4. Nf3 dxe5 5. Nxe5 c6 6. Be2 Bf5 7. O-O Nd7 8. Nf3 e6 9. a3 Bd6 10. g3 Qc7 11. c4 N5f6 12. Nc3 Ne4 13. Nxe4 Bxe4 14. Re1 O-O 15. Bd3 Bxd3 16. Qxd3 c5 17. Bd2 cxd4 18. Nxd4 Nc5 19. Qc2 a6 20. Bc3 Nd7 21. Rad1 Be5 22. Qe2 Rfe8 23. f4 Bf6 24. Rc1 Red8 25. Nf3 Bxc3 26. Rxc3 Nc5 27. Re3 a5 28. b4 axb4 29. axb4 Nd7 30. Ng5 Nf6 31. c5 Rd4 32. Rxe6 fxe6 33. Qxe6+ Kf8 34. Qb3 Re8 35. Ne6+ Rxe6 36. Qxe6 Qd7 37. Qe5 Rd5 38. Qb8+ Kf7 39. b5 Rd2 40. Qe5 Qd4+ 41. Qxd4 Rxd4 42. Rc1 Rd7 43. c6 bxc6 44. Rxc6 Rb7 45. Rc5 Nd7 46. Rd5 Ke6 47. Rh5 Nf6 48. Rc5 Kd6 49. Rg5 g6 50. Kg2 Ne4 0-1


[Site "https://www.chess.com"]

[Event "Titled Tuesday Blitz August 09 Early 2022"]
[White "Eynullayev, Altay"]
[Black "Maksimovic, Bojan"]
[WhiteFideId "13413562"]
[BlackFideId "14408120"]
[WhiteElo "2079"]
[BlackElo "2447"]
[Result "1-0"]
[Round "09"]
[TimeControl "180+1"]
[Date "2022.08.09"]
[WhiteClock "0:00:08"]
[BlackClock "0:00:04"]

1. e4 c5 2. Nf3 Nc6 3. Bb5 e6 4. O-O Nge7 5. Re1 a6 6. Bf1 b6 7. c3 d5 8. d3 dxe4 9. dxe4 Qxd1 10. Rxd1 Ng6 11. Nbd2 Bd6 12. Nc4 Bc7 13. Nd6+ Ke7 14. Nxc8+ Rhxc8 15. g3 b5 16. Be3 c4 17. h4 h6 18. h5 Nge5 19. Nxe5 Nxe5 20. f4 Ng4 21. Bc5+ Ke8 22. Be2 Nf6 23. e5 Ne4 24. Bf2 Nxf2 25. Kxf2 Bb6+ 26. Kf3 Bc5 27. Ke4 Ke7 28. g4 Rab8 29. Rd2 Rd8 30. Rad1 Rxd2 31. Rxd2 a5 32. a4 bxa4 33. Bxc4 a3 34. bxa3 Bxa3 35. Ra2 Rc8 36. Kd3 Bc1 37. f5 Ra8 38. Ra4 Bf4 39. Ke4 Bh2 40. Bb5 Ra7 41. Rc4 Kd8 42. Rd4+ Kc8 43. f6 gxf6 44. exf6 Bg1 45. Rd6 Bh2 46. Rc6+ Kb7 47. Rc4 Kb6 48. Be8 Bd6 49. g5 hxg5 50. h6 Ra8 51. Bxf7 Rf8 52. h7 Rh8 53. Bg8 g4 54. Rd4 Kc6 55. Rc4+ Kb6 56. Rd4 Kc6 57. Rd1 g3 58. Rg1 a4 59. f7 Kd7 60. Rxg3 Ke7 61. Rg1 a3 62. Ra1 Kf8 63. c4 Ke7 64. Kd4 Bb4 65. c5 Kd7 66. Kc4 Ba5 67. f8=Q 1-0


[Site "https://www.chess.com"]

[Event "Titled Tuesday Blitz August 09 Early 2022"]
[White "Fajdetic, Hrvoje"]
[Black "Melikyan, Gnel"]
[WhiteFideId "14501945"]
[BlackFideId "54109990"]
[WhiteElo "2172"]
[BlackElo "1772"]
[Result "0-1"]
[Round "09"]
[TimeControl "180+1"]
[Date "2022.08.09"]
[WhiteClock "0:00:03"]
[BlackClock "0:01:28"]

1. b3 b6 2. f4 Bb7 3. d3 g6 4. e4 Bg7 5. c3 Nf6 6. Bb2 c5 7. Nf3 Nc6 8. Be2 Qc7 9. Qd2 e5 10. fxe5 Nxe5 11. Nxe5 Qxe5 12. O-O d5 13. d4 cxd4 14. Bb5+ Kf8 15. cxd4 Qxe4 16. Nc3 Qe6 17. Rae1 Ne4 18. Nxe4 dxe4 19. d5 Qxd5 20. Bxg7+ Kxg7 21. Qc3+ Kh6 22. Bc4 Qc5+ 23. Kh1 Rhf8 24. Rf4 f6 25. Rxf6 Rxf6 26. Qxf6 Rf8 27. Qh4+ Kg7 28. h3 b5 29. Rd1 Bc6 30. Be2 e3 31. Bf3 Rxf3 32. Rd7+ Bxd7 33. gxf3 e2 0-1


[Site "https://www.chess.com"]

[Event "Titled Tuesday Blitz August 09 Early 2022"]
[White "Fernandez Hernandez, Gerardo"]
[Black "Sanchez Alvares, Kelvin Antonio"]
[WhiteFideId "2207400"]
[BlackFideId "3906680"]
[WhiteElo "2165"]
[BlackElo "2189"]
[Result "1-0"]
[Round "09"]
[TimeControl "180+1"]
[Date "2022.08.09"]
[WhiteClock "0:00:05"]
[BlackClock "0:00:06"]

1. e4 c5 2. d3 Nc6 3. g3 d6 4. Bg2 Nf6 5. f4 e6 6. Nf3 Be7 7. O-O O-O 8. Nc3 b6 9. Bd2 Bb7 10. f5 Nd4 11. Nxd4 cxd4 12. Ne2 e5 13. c3 dxc3 14. Nxc3 d5 15. Bg5 d4 16. Bxf6 Bxf6 17. Nd5 Qd6 18. Qd2 h6 19. h4 Rac8 20. Rac1 Rxc1 21. Rxc1 Rc8 22. Kh2 Rxc1 23. Qxc1 Bxd5 24. exd5 Qc5 25. Qxc5 bxc5 26. b3 Kf8 27. Be4 Ke7 28. Kg2 Kd6 29. Kf2 Kc7 30. Ke2 Kb6 31. Kd2 Ka5 32. Kc2 Be7 33. Kb2 Bd6 34. Kc2 Kb4 35. Kb2 a5 36. a3+ Kb5 37. Kc2 a4 38. Kb2 axb3 39. Kxb3 Ka5 40. g4 h5 41. f6 g6 42. gxh5 gxh5 43. Bf3 Bc7 44. Bxh5 Bd8 45. Bxf7 Bxf6 46. h5 Bg7 47. d6 Kb6 48. Bd5 Bf6 49. h6 1-0


[Site "https://www.chess.com"]